 Dungeon Crawl Stone Soup version 0.27.1-15-g792fb953b9 (webtiles) character file.

Game seed: 607384004053092556

534 unlimited1921 the Magician (level 6, -6/48 HPs)
             Began as a Demigod Fire Elementalist on Nov 21, 2021.
             Mangled by Crazy Yiuf (15 damage)
             ... on level 3 of the Dungeon.
             The game lasted 00:23:52 (9171 turns).

unlimited1921 the Magician (DgFE)                   Turns: 9171, Time: 00:23:53

Health: -6/48      AC:  6    Str:  9    XL:     6   Next: 74%
Magic:  12/15      EV: 12    Int: 25    God:
Gold:   98         SH:  0    Dex: 14    Spells: 6/13 levels left

rFire    . . .     SeeInvis .   o - +0 rapier
rCold    . . .     Faith    .   (no shield)
rNeg     . . .     Spirit   .   b - +2 robe {Will+}
rPois    .         Reflect  .   r - +0 helmet
rElec    .         Harm     .   (no cloak)
rCorr    .         Rampage  .   (no gloves)
Will     +....                  t - +0 pair of boots
Stlth    ++........             (no amulet)
HPRegen  0.16/turn              v - ring of wizardry
MPRegen  0.14/turn              (no ring)

@: no status effects
A: high mp 1, forlorn
a: no special abilities


You were on level 3 of the Dungeon.
You visited 1 branch of the dungeon, and saw 3 of its levels.

You collected 98 gold pieces.

Inventory:

Hand Weapons
 d - a +3 dagger
 o - a +0 rapier (weapon)
 w - a +1 mace of protection
Armour
 b - a +2 robe of willpower (worn)
 e - a +0 leather armour
 r - a +0 helmet (worn)
 t - a +0 pair of boots (worn)
Magical Staves
 j - a staff of poison
Jewellery
 v - a ring of wizardry (left hand)
Scrolls
 a - a scroll of noise {unknown}
 g - 3 scrolls of fear {unknown}
 i - 2 scrolls of amnesia {unknown}
 k - a scroll of fog {unknown}
 l - a scroll of enchant armour {unknown}
 n - 2 scrolls of magic mapping {unknown}
 q - a scroll of teleportation
 s - a scroll of summoning
 u - 2 scrolls of acquirement {unknown}
Potions
 c - 2 potions of heal wounds {unknown}
 f - a potion of flight {unknown}
 h - 2 potions of magic {unknown}
 m - a potion of might {unknown}
 p - a potion of curing


   Skills:
 * Level 2.2 Fighting
 + Level 1.7 Armour
 + Level 2.0 Dodging
 + Level 2.2 Stealth
 * Level 4.1 Spellcasting
 + Level 3.0 Conjurations
 + Level 3.5 Fire Magic


You had 6 spell levels left.
You knew the following spells:

 Your Spells              Type           Power      Damage    Failure   Level
a - Foxfire               Conj/Fire      84%        2x1d8     1%          1
b - Conjure Flame         Conj/Fire      21%        6-21      2%          3
c - Inner Flame           Hex/Fire       14%        N/A       5%          3

Your spell library contained the following spells:

 Spells                   Type           Power      Damage    Failure   Level
 Sticky Flame             Conj/Fire      21%        2d4       10%         4
 Fireball                 Conj/Fire      10%        3d6       26%         5


Dungeon Overview and Level Annotations

Branches:
Dungeon (3/15)

Annotations:
D:3 Crazy Yiuf


Innate Abilities, Weirdness & Mutations

Your attributes grow dramatically as you level up.
You have an increased reservoir of magic. (+10% MP)
You shall have no god before yourself.


Message History

Crazy Yiuf hits you with a +4 quarterstaff of chaos!
You are electrocuted!!
The foxfire hits Crazy Yiuf.
Crazy Yiuf is lightly wounded.
The foxfire hits Crazy Yiuf.
Crazy Yiuf is moderately wounded.
Casting: Foxfire (safe; 1% risk of failure)
Press: ? - help, Q - select action, (/) - cycle Dir - look around, f - activate You conjure some foxfire!
Crazy Yiuf closely misses you.
The foxfire hits Crazy Yiuf.
Crazy Yiuf is heavily wounded.
The foxfire hits Crazy Yiuf.
Crazy Yiuf is severely wounded.
Casting: Foxfire (safe; 1% risk of failure)
Press: ? - help, Q - select action, (/) - cycle Dir - look around, f - activate You conjure some foxfire!
Crazy Yiuf drinks a potion.
Crazy Yiuf is healed!
Your foxfire dissipates!
The foxfire hits Crazy Yiuf.
Crazy Yiuf is heavily wounded.
Casting: Foxfire (safe; 1% risk of failure)
Press: ? - help, Q - select action, (/) - cycle Dir - look around, f - activate You conjure some foxfire!
Crazy Yiuf hits you with a +4 quarterstaff of chaos!
* * * LOW HITPOINT WARNING * * *
Crazy Yiuf freezes you.
* * * LOW HITPOINT WARNING * * *
The foxfire hits Crazy Yiuf but does no damage.
Crazy Yiuf is heavily wounded.
Crazy Yiuf screams, "East song horse!"
Casting: Foxfire (safe; 1% risk of failure)
Press: ? - help, Q - select action, (/) - cycle Dir - look around, f - activate You conjure some foxfire!
Crazy Yiuf completely misses you.
Your foxfire dissipates!
The foxfire hits Crazy Yiuf but does no damage.
Crazy Yiuf is heavily wounded.
Crazy Yiuf hits you with a +4 quarterstaff of chaos!
You die...

#########.#####.#.# #..._...
####............#.########.._8...
..##.###.......))............_...
#.##.###....####>..).............
#......##.#.# #(.)###########..<
####.#.##.#.# #...# ####
.....#.##.#.####)..# #..
######.##.#.##...### ######..
#....#...>.@# #.......
##########.g# #....... #..#
#....... ♣♣♣♣♣###.# #....... ###
♣♣♣.♣...v#.# ######..
#...#♣..♣.......# ###
#...'.♣♣♣♣).)...# #).^#♣♣
♣♣....## ### ♣♣####


You could see Crazy Yiuf.

Vanquished Creatures
  Grinder (D:3)
  Purgy (D:3)
  Terence (D:2)
  An iguana (D:3)
  2 orc wizards (D:3)
  3 adders
  4 gnolls (D:2)
  A dart slug (D:3)
  8 orcs (D:3)
  4 ball pythons (D:1)
  9 bats
  An endoplasm (D:3)
  2 giant cockroaches (D:2)
  10 goblins
  2 hobgoblins (D:2)
  5 jackals
  6 kobolds
  6 frilled lizards
  7 rats
74 creatures vanquished.

Vanquished Creatures (others)
  359 foxfires
359 creatures vanquished.

Grand Total: 433 creatures vanquished

Notes
Turn   | Place    | Note
-------+----------+-------------------------------------------
     0 | D:1      | unlimited1921 the Demigod Fire Elementalist began the quest
                  | for the Orb.
     0 | D:1      | Reached XP level 1. HP: 14/14 MP: 5/5
  1369 | D:1      | Reached XP level 2. HP: 20/20 MP: 2/7
  1577 | D:1      | Reached skill level 2 in Spellcasting
  2605 | D:2      | Reached skill level 1 in Conjurations
  3045 | D:2      | Reached XP level 3. HP: 27/27 MP: 3/9
  5221 | D:2      | Reached XP level 4. HP: 34/34 MP: 7/11
  5884 | D:2      | Noticed Terence
  5913 | D:2      | Killed Terence
  5914 | D:2      | Reached skill level 1 in Fighting
  5914 | D:2      | Reached skill level 1 in Armour
  5914 | D:2      | Reached skill level 3 in Spellcasting
  6946 | D:3      | Noticed Grinder
  7174 | D:3      | Killed Grinder
  7175 | D:3      | Reached XP level 5. HP: 41/41 MP: 2/13
  7175 | D:3      | Reached XP level 6. HP: 48/48 MP: 2/14
  8506 | D:3      | Noticed Purgy
  8521 | D:3      | Learned a level 3 spell: Conjure Flame
  8525 | D:3      | Learned a level 3 spell: Inner Flame
  8538 | D:3      | Killed Purgy
  8539 | D:3      | Reached skill level 4 in Spellcasting
  8724 | D:3      | Found a runed translucent door.
  8725 | D:3      | Noticed Crazy Yiuf
  9171 | D:3      | Mangled by Crazy Yiuf

Illustrated notes

Levels and vault maps discovered:
D:1:      elethiomel_arrival_infinity_welcomes_careful_drivers, layout_rooms,
          ebering_ecumenical_altar_webs, chequers_serial_rivers_large_b,
          minmay_stone_trees_small
D:2:      layout_loops_corners, uniq_terence
D:3:      layout_basic, chequers_temple_overflow_statue_of_worship,
          kennysheep_generic_room_6, uniq_grinder, uniq_crazy_yiuf_cottage,
          uniq_purgy

Skill      XL: |  1  2  3  4  5  6 |
---------------+-------------------+-----
Stealth        | 2 |  2.2
Fire Magic     | 3 |  3.5
Spellcasting   | 2 3 4 |  4.1
Conjurations   | 1 2 3 |  3.0
Fighting       | 1 2 |  2.2
Armour         | 1 |  1.7
Dodging        | 2 |  2.0

Action                   |  1- 3 |  4- 6 || total
-------------------------+-------+-------++-------
Melee: Rapier            |       |     3 ||     3
 Cast: Foxfire           |    89 |   120 ||   209
       Inner Flame       |       |     3 ||     3
  Use: Scroll            |       |     2 ||     2
Armor: Robe              |     1 |       ||     1
       Leather armour    |     2 |     5 ||     7
Dodge: Dodged            |     6 |    15 ||    21
